 Dungeon Crawl Stone Soup version 0.21.1-1-g345015fe64 (webtiles) character file.

179 NullDivider the Charlatan (level 5, 0/27 HPs)
             Began as a Spriggan Artificer on May 9, 2018.
             Killed by divine providence
             ... invoked by an orc priest
              (14 damage)
             ... on level 4 of the Dungeon.
             The game lasted 00:12:09 (4476 turns).

NullDivider the Charlatan (Spriggan Artificer)      Turns: 4476, Time: 00:12:10

Health: 0/27       AC:  2    Str:  8    XL:     5   Next: 32%
Magic:  9/9        EV: 24    Int: 13    God:
Gold:   203        SH:  0    Dex: 17    Spells: 4/4 levels left

rFire    . . .     SeeInvis +   q - +1 short sword (speed)
rCold    . . .     Gourm    .   (shield restricted)
rNeg     . . .     Faith    .   b - +0 robe
rPois    .         Spirit   .   (helmet restricted)
rElec    .         Reflect  .   (no cloak)
rCorr    .         Harm     .   (gloves unavailable)
MR       .....     Rnd*Tele +   (boots unavailable)
Stlth    +++.......             (no amulet)
HPRegen  0.09/turn              g - +5 ring of evasion
MPRegen  0.11/turn              n - ring of teleportation (curse)

@: very quick
A: very small, unfitting armour, see invisible, herbivore, speed 3, slow
metabolism 2
a: no special abilities


You were on level 4 of the Dungeon.
You were very hungry.

You visited 1 branch of the dungeon, and saw 4 of its levels.

You collected 203 gold pieces.

Inventory:

Hand Weapons
 q - a +1 short sword of speed (weapon)
 s - a +3 hunting sling of flaming
Missiles
 p - 50 stones (quivered)
 t - 11 arrows
Armour
 b - a +0 robe (worn)
Jewellery
 g - a +5 ring of evasion (left hand)
 n - a cursed ring of teleportation (right hand)
Wands
 c - a wand of flame (15)
 d - a wand of enslavement (9)
 e - a wand of random effects (7)
Scrolls
 a - a scroll of fear
 i - 2 scrolls of amnesia
 j - 2 scrolls of remove curse {unknown}
 r - a scroll of enchant weapon
 w - a scroll of identify {unknown}
 x - a scroll of magic mapping {unknown}
Potions
 h - a potion of ambrosia {unknown}
 l - a potion of agility {unknown}
 m - 2 potions of flight {unknown}
 o - 2 potions of curing {unknown}
 u - a potion of heal wounds {unknown}
 v - a potion of degeneration {unknown}
Comestibles
 f - 6 rations


   Skills:
 * Level 2.5 Fighting
 + Level 2.5 Short Blades
 + Level 4.2 Dodging
 + Level 3.5 Stealth
 + Level 4.8 Evocations


You had 4 spell levels left.
You didn't know any spells.

Dungeon Overview and Level Annotations

Branches:
Dungeon (4/15)
 Temple: D:4-7

Altars:
Okawaru
Qazlal

Shops:
D:4 *

Annotations:
D:2 Crazy Yiuf
D:3 houska102's ghost, amateur OgMo


Innate Abilities, Weirdness & Mutations

You are very small and have problems with some larger weapons.
You are too small for most types of armour.
You have supernaturally acute eyesight. (SInv)
You are a herbivore.
You cover ground extremely quickly.
You need consume almost no food.


Message History

An orc comes into view. It is wielding a falchion.
You closely miss the orc priest.
The orc priest is heavily wounded.
Your orc priest closely misses the orc priest.
The orc priest closely misses you.
You barely miss the orc priest.
The orc priest is heavily wounded.
Your orc priest hits the orc priest with a hand axe.
You hit the orc priest.
The orc priest is almost dead.
The orc priest completely misses you.
You hit the orc priest but do no damage.
The orc priest is almost dead.
Your orc priest closely misses the orc priest.
You closely miss the orc priest.
The orc priest is almost dead.
The orc priest invokes the aid of Beogh against you.
Beogh smites you!
Ouch! That really hurt!
You die...

#.. ........#
..###.....#.#
....?.o..o.#
#.#.....o.# #...)..#
#.#.# #.♣o♣#♣#♣
###### #..oo...#
#....# #.♣@♣)♣.♣
#.##.##### #.#.....#
#.##.....# #.♣.♣.♣.♣
♣#.######.#
#.#.....#
..........#
#.♣.♣.♣#♣
.#†###########>#...#
.#.#...#.......#.###
+#.#...#.#####.#.#
...#...........#.
#.#


You could see an orc priest, an orc and a friendly orc priest.

Vanquished Creatures
  A hound (D:3)
  An orc wizard (D:4)
  3 adders
  An ooze (D:3)
  An adder skeleton (D:3)
  A worm (D:3)
  3 dart slugs
  4 leopard geckos
  5 orcs
  9 bats
  3 giant cockroaches
  8 goblins
  6 hobgoblins
  4 jackals (D:1)
  5 kobolds
  2 frilled lizards (D:3)
  9 rats
66 creatures vanquished.

Vanquished Creatures (others)
  An orc wizard (D:4)
  An orc (D:3)
2 creatures vanquished.

Grand Total: 68 creatures vanquished

Notes
Turn   | Place    | Note
-------+----------+-------------------------------------------
     0 | D:1      | NullDivider the Spriggan Artificer began the quest for the Orb.
     0 | D:1      | Reached XP level 1. HP: 9/9 MP: 4/4
    59 | D:1      | Reached skill level 1 in Fighting
   207 | D:1      | Reached XP level 2. HP: 14/14 MP: 6/6
  1016 | D:1      | Reached XP level 3. HP: 13/18 MP: 7/7
  1880 | D:2      | Found a runed door.
  1884 | D:2      | Noticed Crazy Yiuf
  2766 | D:3      | Reached XP level 4. HP: 18/23 MP: 8/8
  3471 | D:3      | Found an iron altar of Okawaru.
  3683 | D:3      | Noticed houska102's ghost (amateur OgMo)
  3961 | D:3      | Found a stormy altar of Qazlal.
  4029 | D:3      | Reached XP level 5. HP: 26/26 MP: 9/9
  4431 | D:4      | Found Firocauh's Fabulous Fripperies.
  4476 | D:4      | Killed from afar by an orc priest

Skill      XL: |  1  2  3  4 |
---------------+-------------+-----
Fighting       | 1 2 |  2.5
Stealth        | 2 3 |  3.5
Short Blades   | 2 |  2.5
Dodging        | 4 |  4.2
Evocations     | |  4.8

Action                   |  1- 3 |  4- 6 || total
-------------------------+-------+-------++-------
Melee: Short sword       |   163 |   118 ||   281
 Fire: Hunting sling     |       |     9 ||     9
Evoke: Wand              |     8 |     6 ||    14
  Use: Scroll            |       |     4 ||     4
 Stab: Sleeping          |     8 |     3 ||    11
       Distracted        |       |     1 ||     1
Armor: Robe              |    16 |     5 ||    21
Dodge: Dodged            |   128 |    83 ||   211
